MLB
SEATTLE MARINERS @ LOS ANGELES ANGELS
07/08/2099
 
TOP OF THE 1ST
Seattle Mariners batting - Pitching for Los Angeles Angels : RHP Nick Dixon
Pitching: RHP Nick Dixon
Batting: RHB Jonathan Becktell 0-0: Called Strike
0-1: Fly out, F8 (Flyball, 89D, EV 108.8 MPH)
Batting: RHB Jaime Callahan 0-0: Ball
1-0: Fly out, F7 (Flyball, 78M, EV 98.8 MPH)
Batting: SHB John Brownfield 0-0: Foul Ball, location: 2F
0-1: Foul Ball, location: 2F
0-2: SOLO HOME RUN (Flyball, 78XD, EV 102.5 MPH), Distance : 393 ft
Batting: RHB Anton Ortega 0-0: Ball
1-0: Swinging Strike
1-1: Swinging Strike
1-2: Foul Ball, location: 9LMF
1-2: Ball
2-2: Hit by Pitch
Batting: RHB Bill Larimer 0-0: Called Strike
0-1: SINGLE (Groundball, 4MS, EV 77.5 MPH) (infield hit)
Anton Ortega to second
Batting: RHB Joe Weber 0-0: Ball
1-0: Ball
2-0: Called Strike
2-1: Called Strike
2-2: Foul Ball, location: 2RF
2-2: Ball
3-2: Fly out, F9 (Flyball, 89M, EV 97.5 MPH)
Top of the 1st over - 1 run, 2 hits, 0 errors, 2 left on base; Seattle 1 - Los Angeles 0
BOTTOM OF THE 1ST
Los Angeles Angels batting - Pitching for Seattle Mariners : LHP Aaron Doyle
Pitching: LHP Aaron Doyle
Batting: RHB Matthew Allen 0-0: Swinging Strike
0-1: Ball
1-1: Swinging Strike
1-2: Ball
2-2: Ground out 1-3 (Groundball, P, EV 65.0 MPH)
Batting: RHB Mel Garcia 0-0: Ball
1-0: Foul Ball, location: 3SF
1-1: Ball
2-1: Foul Ball, location: 3SF
2-2: Ball
3-2: Strikes out swinging
Batting: RHB Jimmy Powell 0-0: Ball
1-0: Called Strike
1-1: SOLO HOME RUN (Flyball, 7LD, EV 95.6 MPH), Distance : 347 ft
Batting: LHB Matt Evans 0-0: Ball
1-0: Ball
2-0: Called Strike
2-1: Ground out 6-3 (Groundball, 6, EV 98.1 MPH)
Bottom of the 1st over - 1 run, 1 hit, 0 errors, 0 left on base; Seattle 1 - Los Angeles 1
TOP OF THE 2ND
Seattle Mariners batting - Pitching for Los Angeles Angels : RHP Nick Dixon
Pitching: LHP Juan Montes
Batting: RHB Kenny Dahl 0-0: Ball
1-0: Ground out 6-3 (Groundball, 56, EV 60.0 MPH)
Batting: LHB Juan Aranda 0-0: Ball
1-0: Ball
2-0: Called Strike
2-1: Called Strike
2-2: Ground out 5-3 (Groundball, 5, EV 82.5 MPH)
Batting: LHB Jon Garza 0-0: DOUBLE (Line Drive, 89D, EV 100.0 MPH)
Batting: RHB Jonathan Becktell 0-0: Foul Ball, location: 9LMF
0-1: Swinging Strike
0-2: Strikes out swinging
Top of the 2nd over - 0 runs, 1 hit, 0 errors, 1 left on base; Seattle 1 - Los Angeles 1
BOTTOM OF THE 2ND
Los Angeles Angels batting - Pitching for Seattle Mariners : LHP Aaron Doyle
Batting: RHB Jose Orozco 0-0: Called Strike
0-1: Ball
1-1: Swinging Strike
1-2: Strikes out swinging
Batting: LHB Esteban Castro 0-0: Swinging Strike
0-1: Ball
1-1: Fly out, F8 (Flyball, 78XD, EV 88.1 MPH)
Batting: RHB Fethi Yazîcîzâde 0-0: Called Strike
0-1: Foul Ball, location: 2F
0-2: Strikes out swinging
Bottom of the 2nd over - 0 runs, 0 hits, 0 errors, 0 left on base; Seattle 1 - Los Angeles 1
TOP OF THE 3RD
Seattle Mariners batting - Pitching for Los Angeles Angels : LHP Juan Montes
Batting: RHB Jaime Callahan 0-0: Ball
1-0: Called Strike
1-1: Foul Ball, location: 2F
1-2: Strikes out swinging
Batting: SHB John Brownfield 0-0: Called Strike
0-1: Fly out, F7 (Flyball, 78XD, EV 95.0 MPH)
Batting: RHB Anton Ortega 0-0: Called Strike
0-1: Foul Ball, location: 2F
0-2: Foul Ball, location: 25FF
0-2: Strikes out swinging
Top of the 3rd over - 0 runs, 0 hits, 0 errors, 0 left on base; Seattle 1 - Los Angeles 1
BOTTOM OF THE 3RD
Los Angeles Angels batting - Pitching for Seattle Mariners : LHP Aaron Doyle
Batting: RHB Danny Rivero 0-0: Ground out 4-3 (Groundball, 4S, EV 86.9 MPH)
Batting: LHB Ken Calhoun 0-0: Ball
1-0: Ball
2-0: Ball
3-0: Base on Balls
Batting: RHB Matthew Allen 0-0: Ball
Ken Calhoun is caught stealing 2nd base 2-4
1-0: Swinging Strike
1-1: Called Strike
1-2: Strikes out swinging
Bottom of the 3rd over - 0 runs, 0 hits, 0 errors, 0 left on base; Seattle 1 - Los Angeles 1
TOP OF THE 4TH
Seattle Mariners batting - Pitching for Los Angeles Angels : LHP Juan Montes
Batting: RHB Bill Larimer 0-0: Called Strike
0-1: Ball
1-1: Ball
2-1: Swinging Strike
2-2: Strikes out looking
Batting: RHB Joe Weber 0-0: Ball
1-0: Called Strike
1-1: Foul Ball, location: 3F
1-2: Ground out 5-3 (Groundball, 5, EV 88.1 MPH)
Batting: RHB Kenny Dahl 0-0: Ball
1-0: Foul Ball, location: 7LSF
1-1: Foul Ball, location: 3FF
1-2: Ball
2-2: Strikes out swinging
Top of the 4th over - 0 runs, 0 hits, 0 errors, 0 left on base; Seattle 1 - Los Angeles 1
BOTTOM OF THE 4TH
Los Angeles Angels batting - Pitching for Seattle Mariners : LHP Aaron Doyle
Batting: RHB Mel Garcia 0-0: Called Strike
0-1: Foul Ball, location: 7LMF
0-2: Ball
1-2: Foul Ball, location: 5F
1-2: Strikes out swinging
Batting: RHB Jimmy Powell 0-0: Ball
1-0: Ball
2-0: Swinging Strike
2-1: Ball
3-1: Foul Ball, location: 7LDF
3-2: Base on Balls
Batting: LHB Matt Evans 0-0: Called Strike
0-1: Hit by Pitch
Jimmy Powell to second
Batting: RHB Jose Orozco 0-0: Swinging Strike
0-1: Foul Ball, location: 9LDF
0-2: Fly out, F4 (Popup, 4, EV 55.0 MPH)
Batting: LHB Esteban Castro 0-0: Ball
1-0: Fly out, F9 (Flyball, 89M, EV 84.4 MPH)
Bottom of the 4th over - 0 runs, 0 hits, 0 errors, 2 left on base; Seattle 1 - Los Angeles 1
TOP OF THE 5TH
Seattle Mariners batting - Pitching for Los Angeles Angels : LHP Juan Montes
Batting: LHB Juan Aranda 0-0: Called Strike
0-1: Ball
1-1: Swinging Strike
1-2: Strikes out looking
Batting: LHB Jon Garza 0-0: Ball
1-0: Fly out, F8 (Flyball, 8LM, EV 98.8 MPH)
Batting: RHB Jonathan Becktell 0-0: Called Strike
0-1: Swinging Strike
0-2: Ball
1-2: Ground out 6-3 (Groundball, 6, EV 90.6 MPH)
Top of the 5th over - 0 runs, 0 hits, 0 errors, 0 left on base; Seattle 1 - Los Angeles 1
BOTTOM OF THE 5TH
Los Angeles Angels batting - Pitching for Seattle Mariners : LHP Aaron Doyle
Batting: RHB Fethi Yazîcîzâde 0-0: Ball
1-0: Ball
2-0: Ground out 5-3 (Groundball, 56, EV 100.0 MPH)
Batting: RHB Danny Rivero 0-0: Called Strike
0-1: Ball
1-1: Swinging Strike
1-2: Ball
2-2: Foul Ball, location: 5SF
2-2: Ball
3-2: Foul Ball, location: 2F
3-2: Fly out, F8 (Flyball, 8RM, EV 91.3 MPH)
Batting: LHB Ken Calhoun 0-0: Called Strike
0-1: Foul Ball, location: 5FF
0-2: Ball
1-2: Ball
2-2: Ball
3-2: Ground out 1-3 (Groundball, 13S, EV 63.1 MPH)
Bottom of the 5th over - 0 runs, 0 hits, 0 errors, 0 left on base; Seattle 1 - Los Angeles 1
TOP OF THE 6TH
Seattle Mariners batting - Pitching for Los Angeles Angels : LHP Juan Montes
Batting: RHB Jaime Callahan 0-0: Swinging Strike
0-1: Ball
1-1: Ball
2-1: Fly out, F7 (Flyball, 7S, EV 77.5 MPH)
Batting: SHB John Brownfield 0-0: Foul Ball, location: 9LSF
0-1: Called Strike
0-2: Ground out 4-3 (Groundball, 4MD, EV 104.4 MPH)
Batting: RHB Anton Ortega 0-0: Ball
1-0: Foul Ball, location: 25FF
1-1: Ball
2-1: Swinging Strike
2-2: Ball
3-2: Base on Balls
Batting: RHB Bill Larimer 0-0: Called Strike
0-1: Ball
1-1: Swinging Strike
1-2: Ground out 5-3 (Groundball, 56S, EV 65.6 MPH)
Top of the 6th over - 0 runs, 0 hits, 0 errors, 1 left on base; Seattle 1 - Los Angeles 1
BOTTOM OF THE 6TH
Los Angeles Angels batting - Pitching for Seattle Mariners : LHP Aaron Doyle
Batting: RHB Matthew Allen 0-0: Ball
1-0: Ball
2-0: Ball
3-0: Called Strike
3-1: Called Strike
3-2: Base on Balls
Batting: RHB Mel Garcia 0-0: Sac Bunt to 15 - play at first, batter OUT! 1-3
Matthew Allen to second
Batting: RHB Jimmy Powell 0-0: Fly out, F8 (Flyball, 8LD, EV 80.0 MPH)
Batting: LHB Matt Evans 0-0: Ball
1-0: Swinging Strike
1-1: Ball
Wild Pitch!
Matthew Allen to third
2-1: SINGLE (Groundball, 4MD, EV 101.3 MPH)
Matthew Allen scores
Batting: RHB Jose Orozco 0-0: Ball
1-0: Ball
2-0: Called Strike
2-1: Called Strike
2-2: Strikes out swinging
Bottom of the 6th over - 1 run, 1 hit, 0 errors, 1 left on base; Seattle 1 - Los Angeles 2
TOP OF THE 7TH
Seattle Mariners batting - Pitching for Los Angeles Angels : LHP Juan Montes
Batting: RHB Joe Weber 0-0: Ball
1-0: Foul Ball, location: 25F
1-1: Fly out, F7 (Flyball, 78M, EV 93.8 MPH)
Batting: RHB Kenny Dahl 0-0: Fly out, F3 (Popup, 3SF, EV 76.9 MPH)
Batting: LHB Juan Aranda 0-0: Ball
1-0: Foul Ball, location: 2F
1-1: Called Strike
1-2: Ball
2-2: Ground out 4-3 (Groundball, 4, EV 98.1 MPH)
Top of the 7th over - 0 runs, 0 hits, 0 errors, 0 left on base; Seattle 1 - Los Angeles 2
BOTTOM OF THE 7TH
Los Angeles Angels batting - Pitching for Seattle Mariners : LHP Aaron Doyle
Pitching: RHP Tom Kingman
Batting: LHB Esteban Castro 0-0: Foul Ball, location: 2F
0-1: Swinging Strike
0-2: Strikes out looking
Batting: RHB Fethi Yazîcîzâde 0-0: Called Strike
0-1: Ground out 1-3 (Groundball, 13, EV 69.4 MPH)
Batting: RHB Danny Rivero 0-0: Ground out 5-3 (Groundball, 56, EV 103.8 MPH)
Bottom of the 7th over - 0 runs, 0 hits, 0 errors, 0 left on base; Seattle 1 - Los Angeles 2
TOP OF THE 8TH
Seattle Mariners batting - Pitching for Los Angeles Angels : LHP Juan Montes
Now at 1B: Esteban Castro
Now in LF: Ramon Bermudez
Now in RF: Matthew Allen
Pinch Hitting: RHB Ron Stephenson 0-0: Called Strike
0-1: Ball
1-1: Ball
2-1: Fly out, F9 (Flyball, 9D, EV 91.9 MPH)
Batting: RHB Jonathan Becktell 0-0: Ground out 1-3 (Groundball, 15S, EV 65.0 MPH)
Batting: RHB Jaime Callahan 0-0: DOUBLE (Line Drive, 7LD, EV 108.1 MPH)
Batting: SHB John Brownfield 0-0: Ball
1-0: Ground out 6-3 (Groundball, 6, EV 101.3 MPH)
Top of the 8th over - 0 runs, 1 hit, 0 errors, 1 left on base; Seattle 1 - Los Angeles 2
BOTTOM OF THE 8TH
Los Angeles Angels batting - Pitching for Seattle Mariners : RHP Tom Kingman
Now in CF: Omar Perez
Batting: LHB Ken Calhoun 0-0: Swinging Strike
0-1: Swinging Strike
0-2: Ball
1-2: Strikes out swinging, 2-3 out at first.
Batting: RHB Matthew Allen 0-0: Ball
1-0: Called Strike
1-1: Swinging Strike
1-2: Ball
2-2: SINGLE (Groundball, 56, EV 100.0 MPH)
Batting: RHB Mel Garcia 0-0: Foul Ball, location: 9LSF
0-1: Foul Ball, location: 5FF
0-2: Ball
Pickoff Throw to First - Error! E1
Matthew Allen to second
1-2: Foul Ball, location: 2F
1-2: Strikes out swinging
Batting: LHB Ramon Bermudez 0-0: Called Strike
0-1: Ball
1-1: SINGLE (Line Drive, 4D, EV 108.1 MPH)
Matthew Allen to third
Runner from 3rd tries for Home, SAFE, throw by CF to home
Batting: LHB Matt Evans 0-0: Called Strike
0-1: Ball
1-1: Ground out 1-3 (Groundball, 25, EV 68.1 MPH)
Bottom of the 8th over - 1 run, 2 hits, 1 error, 1 left on base; Seattle 1 - Los Angeles 3
TOP OF THE 9TH
Seattle Mariners batting - Pitching for Los Angeles Angels : LHP Juan Montes
Batting: RHB Anton Ortega 0-0: Fly out, F9 (Flyball, 89D, EV 110.6 MPH)
Batting: RHB Bill Larimer 0-0: Swinging Strike
0-1: Called Strike
0-2: Ball
1-2: Ball
2-2: Strikes out looking
Batting: RHB Joe Weber 0-0: Foul Ball, location: 25F
0-1: SINGLE (Groundball, 56D, EV 99.4 MPH)
Batting: RHB Kenny Dahl 0-0: Reached on error, E5 (Groundball, 56, EV 107.5 MPH)
Joe Weber to second
Batting: LHB Juan Aranda 0-0: Ball
1-0: Called Strike
1-1: Ball
2-1: Fielders Choice at 2nd, 5-4 (Groundball, 56, EV 82.5 MPH)
Top of the 9th over - 0 runs, 1 hit, 1 error, 2 left on base; Seattle 1 - Los Angeles 3
Saturday, May 11th , 2024 - OOTP Baseball 24.11 Build 85